Map: Old Estate

Players

PaulMaudDib

  • Race: Protoss Protoss
  • Spawn Location: 1:00

ndk

  • Race: Protoss Protoss
  • Spawn Location: 3:00

ButterMyButt

  • Race: Protoss Protoss
  • Spawn Location: 1:00

Reaper

  • Race: Protoss Protoss
  • Spawn Location: 3:00

Iceman

  • Race: Protoss Protoss
  • Spawn Location: 9:00

Infamous

  • Race: Protoss Protoss
  • League: Gold
  • Spawn Location: 7:00

NelsonMan

  • Race: Zerg Zerg
  • Spawn Location: 7:00

kermit

  • Race: Protoss Protoss
  • Spawn Location: 7:00

VOD

Have the link to the VOD?

Description

Time

  • Played on: April 18, 2018, 9:33 a.m.
  • Length: 17:29
Show
View Real Time Build Order
Export as new Build Order

PaulMaudDib Protoss 

Build Orders: Nexus First 

Get SALT Encoding   

  12  0:12  Probe  
  13  0:45  Probe, Nexus  
  14  0:57  Pylon  
  14  1:02  Probe  
  14  1:05  Assimilator  
  15  1:22  Gateway  
  15  1:31  Probe  
  16  1:41  Forge  
  16  1:43  Probe  
  17  1:50  Assimilator  
  17  2:10  Probe  
  17  2:12  Cybernetics Core  
  18  2:18  Probe x2  
  20  2:26  Probe  
  21  2:38  Photon Cannon  
  21  2:56  Stalker  
  21  2:57  Stargate  
  23  3:00  Probe  
  24  3:08  Probe  
  25  3:17  Probe  
  26  3:30  Void Ray  
  26  3:34  Nexus  
  26  3:40  Probe  
  31  3:49  Probe  
  32  4:00  Assimilator  
  32  4:01  Probe  
  33  4:06  Assimilator  
  33  4:12  Void Ray  
  33  4:13  Probe  
  38  4:28  Pylon  
  38  4:36  Pylon  
  38  4:44  Probe  
  38  4:47  Stargate  
  39  4:52  Probe  
  39  4:53  Probe  
  41  5:05  Probe, Void Ray  
  46  5:20  Probe  
  46  5:21  Probe, Stargate  
  47  5:26  Probe  
  49  5:36  Probe, Stargate  
  49  5:39  Probe  
  50  5:47  Probe  
  51  5:52  Probe  
  51  5:56  Assimilator  
  53  5:57  Void Ray  
  53  6:02  Protoss Air Weapons Level 1  
  57  6:04  Probe  
  57  6:07  Probe  
  57  6:08  Probe  
  60  6:13  Probe  
  61  6:26  Void Ray  
  65  6:36  Protoss Shields Level 1, Pylon  
  65  6:37  Void Ray  
  69  6:50  Pylon, Void Ray  
  73  7:07  Probe  
  74  7:10  Probe x2, Robotics Facility  
  76  7:18  Probe  
  77  7:23  Pylon  
  77  7:28  Photon Cannon  
  77  7:29  Probe  
  78  7:33  Void Ray  
  82  7:41  Probe  
  82  7:43  Pylon  
  83  7:47  Void Ray  
  87  7:52  Observer  
  87  7:53  Probe  
  87  7:54  Fleet Beacon  
  89  8:08  Probe  
  89  8:10  Twilight Council  
  90  8:17  Probe  
  90  8:19  Pylon  
  90  8:23  Assimilator  
  91  8:33  Void Ray  
  91  8:34  Pylon, Void Ray  
  95  8:36  Void Ray  
  103  8:57  Protoss Shields Level 2  
  100  9:58  Observer  
  101  10:28  Carrier x2  
  113  10:36  Anion Pulse-Crystals  
  113  10:37  Pylon  
  113  10:40  Pylon  
  113  10:42  Protoss Air Weapons Level 2  
  113  10:54  Carrier x2  
  125  11:00  Pylon  
  125  11:30  Protoss Shields Level 3, Stargate  
  125  11:40  Graviton Catapult  
  125  11:41  Stargate  
  121  11:54  Carrier  
  87  12:43  Carrier  
  87  12:44  Protoss Air Armor Level 1  
  87  12:48  Carrier x2  
  87  12:49  Carrier  
  87  12:58  Carrier  
  117  13:16  Cybernetics Core  
  117  13:30  Void Ray  
  117  13:33  Observer  
  118  13:38  Pylon  
  122  13:47  Mothership  
  118  13:50  Pylon  
  126  14:03  Protoss Air Weapons Level 3  
  126  14:07  Void Ray  
  130  14:15  Void Ray  
  130  14:16  Void Ray  
  130  14:17  Void Ray  
  130  14:19  Void Ray  
  130  14:23  Void Ray  
  150  14:41  Photon Cannon  
  150  14:44  Photon Cannon  
  150  14:45  Photon Cannon  
  150  14:46  Protoss Air Armor Level 2  
  150  14:54  Photon Cannon  
  150  15:04  Pylon  
  150  16:10  Pylon  
  150  16:44  Void Ray  
  172  16:48  Pylon  
  172  16:54  Nexus  
  172  16:55  Pylon  
Show
View Real Time Build Order
Export as new Build Order

ndk Protoss 

Build Orders: 1 Gate Expand 

Get SALT Encoding   

  12  0:02  Probe  
  13  0:14  Probe  
  14  0:24  Pylon  
  14  0:26  Probe  
  15  0:44  Gateway  
  15  0:47  Probe  
  16  0:59  Probe  
  17  1:15  Nexus  
  17  1:22  Probe  
  17  1:24  Assimilator  
  18  1:33  Cybernetics Core  
  18  1:47  Forge  
  18  1:52  Probe  
  19  1:55  Assimilator  
  19  2:04  Probe  
  20  2:20  Probe  
  21  2:29  Probe  
  22  2:32  Probe  
  23  2:41  Probe  
  24  2:44  Probe  
  25  2:53  Probe  
  25  2:56  Probe  
  27  3:06  Pylon  
  27  3:08  Probe  
  28  3:13  Pylon  
  28  3:15  Probe  
  28  3:19  Assimilator  
  29  3:20  Probe  
  29  3:23  Assimilator  
  30  3:28  Probe  
  31  3:34  Stargate  
  31  3:35  Stargate  
  31  3:40  Probe  
  32  3:42  Probe  
  33  3:52  Probe  
  33  3:54  Probe, Pylon  
  35  4:05  Probe  
  35  4:06  Probe  
  37  4:17  Probe  
  38  4:19  Probe  
  39  4:27  Fleet Beacon  
  39  4:29  Probe  
  39  4:31  Probe  
  41  4:41  Probe  
  41  4:43  Probe  
  43  4:53  Probe  
  43  4:59  Photon Cannon  
  44  5:10  Carrier, Stargate  
  44  5:11  Carrier  
  56  5:15  Probe  
  57  5:21  Pylon  
  57  5:23  Pylon  
  57  5:26  Pylon  
  57  5:27  Probe  
  58  5:45  Probe  
  58  5:46  Pylon  
  59  5:51  Nexus  
  59  5:59  Pylon  
  59  6:04  Pylon, Carrier  
  65  6:13  Photon Cannon  
  65  6:18  Assimilator  
  65  6:22  Probe  
  66  6:27  Probe  
  67  6:35  Probe  
  67  6:36  Carrier x2  
  67  6:39  Probe  
  81  6:42  Stargate  
  81  7:24  Probe  
  81  7:25  Pylon  
  82  7:32  Probe, Robotics Facility  
  82  7:36  Probe  
  78  7:44  Probe  
  78  7:49  Carrier  
  78  7:50  Carrier  
  91  7:56  Probe  
  92  8:02  Carrier  
  92  8:05  Assimilator  
  98  8:08  Probe  
  98  8:11  Carrier  
  105  8:12  Pylon  
  105  8:45  Probe  
  82  8:57  Probe  
  83  9:14  Stargate  
  83  9:15  Carrier, Void Ray  
  93  9:28  Void Ray  
  97  9:32  Pylon, Observer  
  97  9:36  Void Ray  
  102  9:40  Pylon  
  102  9:58  Carrier  
  108  10:15  Carrier  
  108  10:16  Carrier  
  108  10:19  Void Ray  
  124  10:25  Probe  
  125  10:41  Void Ray  
  116  10:57  Nexus  
  116  11:02  Void Ray  
  120  11:24  Void Ray  
  124  11:31  Nexus  
  124  11:43  Pylon  
  124  12:01  Carrier  
  130  12:04  Assimilator  
  130  12:08  Carrier x3  
  130  12:12  Pylon  
  148  12:16  Pylon  
  148  12:19  Pylon  
  148  12:29  Carrier  
  142  13:17  Probe  
  137  13:26  Carrier  
  131  13:29  Probe  
  131  13:34  Carrier x2, Void Ray  
  106  13:41  Probe  
  103  13:53  Probe  
  103  13:54  Carrier  
  110  14:00  Probe  
  111  14:06  Probe  
  111  14:08  Assimilator  
  112  14:12  Probe, Assimilator  
  113  14:18  Probe  
  113  14:20  Carrier  
  120  14:24  Probe  
  120  14:30  Probe  
  122  14:36  Photon Cannon  
  122  14:49  Photon Cannon  
  122  14:50  Photon Cannon  
  122  14:52  Carrier  
  128  14:54  Photon Cannon  
  128  14:57  Probe, Photon Cannon  
  128  14:59  Carrier x2  
  129  15:02  Photon Cannon  
  129  15:06  Photon Cannon  
  141  15:09  Probe  
  142  15:20  Carrier  
  148  15:22  Photon Cannon  
  148  15:25  Photon Cannon  
  148  15:39  Photon Cannon  
  148  15:45  Pylon  
  148  15:46  Carrier  
  148  15:47  Pylon  
  168  16:20  Nexus  
  168  16:25  Void Ray  
  196  17:29  Photon Cannon  
Show
View Real Time Build Order
Export as new Build Order

ButterMyButt Protoss 

Build Orders:  

Get SALT Encoding   

  1  0:00  Probe  
  12  0:06  Probe  
  14  0:16  Probe  
  15  0:27  Pylon  
  15  0:36  Pylon  
  15  0:45  Probe  
  16  0:50  Gateway  
  16  0:55  Probe  
  16  1:03  Probe  
  17  1:09  Forge  
  18  1:15  Pylon  
  18  1:18  Probe  
  19  1:26  Assimilator  
  19  1:30  Probe  
  20  1:42  Probe  
  21  1:48  Photon Cannon  
  21  1:55  Cybernetics Core  
  21  1:58  Assimilator  
  21  2:06  Zealot  
  23  2:11  Gateway  
  23  2:34  Zealot  
  25  2:51  Stalker  
  25  3:00  Zealot  
  29  3:21  Stalker  
  29  3:22  Nexus  
  31  3:27  Photon Cannon  
  31  3:33  Shield Battery  
  31  3:36  Protoss Ground Weapons Level 1  
  31  3:46  Stalker  
  33  3:51  Stalker  
  35  4:01  Pylon  
  35  4:05  Photon Cannon  
  35  4:09  Shield Battery  
  35  4:26  Stalker  
  35  4:28  Stalker  
  39  4:39  Probe  
  40  4:47  Probe  
  41  4:56  Stalker  
  41  4:57  Probe  
  41  4:59  Stalker  
  46  5:09  Probe  
  46  5:11  Assimilator  
  47  5:21  Probe  
  47  5:26  Stalker, Protoss Ground Armor Level 1  
  50  5:29  Stalker  
  50  5:33  Probe  
  53  5:38  Pylon  
  53  5:44  Probe  
  53  5:45  Assimilator  
  54  5:52  Probe  
  55  6:02  Probe  
  55  6:03  Twilight Council  
  56  6:14  Probe  
  56  6:15  Gateway  
  57  6:20  Pylon  
  57  6:22  Pylon  
  57  6:33  Stalker  
  59  6:40  Blink  
  59  6:43  Stalker  
  61  7:02  Stalker  
  61  7:03  Stalker  
  61  7:05  Protoss Shields Level 1  
  65  7:13  Stalker  
  67  7:32  Stalker  
  67  7:33  Stalker  
  71  7:40  Pylon  
  71  7:54  Stalker  
  73  8:04  Photon Cannon  
  73  8:09  Photon Cannon  
  73  8:15  Shield Battery  
  73  8:41  Nexus  
  73  8:42  Stalker  
  73  8:44  Pylon, Stalker  
  73  8:46  Pylon  
  73  8:47  Stalker  
  79  9:15  Photon Cannon  
  79  9:16  Stalker  
  73  9:17  Stalker x2, Photon Cannon  
  38  9:46  Stalker  
  40  10:02  Photon Cannon  
  40  10:07  Photon Cannon  
  40  10:09  Photon Cannon  
  40  10:12  Probe  
  41  10:24  Probe  
  42  10:36  Probe  
  43  10:49  Probe  
  44  11:01  Probe  
Show
View Real Time Build Order
Export as new Build Order

Reaper Protoss 

Build Orders: 1 Gate Expand 

Get SALT Encoding   

  12  0:04  Probe  
  13  0:16  Probe  
  14  0:22  Pylon  
  14  0:42  Gateway  
  14  0:50  Probe  
  15  1:01  Forge  
  15  1:02  Probe  
  16  1:05  Assimilator  
  16  1:14  Probe  
  17  1:36  Nexus  
  17  1:50  Pylon  
  17  1:58  Photon Cannon  
  17  2:00  Probe  
  18  2:09  Assimilator  
  18  2:12  Probe  
  19  2:24  Probe  
  20  2:30  Photon Cannon  
  20  2:50  Probe  
  21  2:54  Probe  
  22  2:58  Probe  
  22  3:02  Probe  
  23  3:06  Probe  
  23  3:11  Probe  
  25  3:13  Cybernetics Core  
  25  3:16  Pylon  
  26  3:23  Probe  
  26  3:26  Photon Cannon  
  27  3:35  Probe  
  28  3:48  Probe  
  29  3:56  Stargate  
  29  4:00  Probe  
  29  4:02  Pylon  
  30  4:06  Pylon  
  30  4:08  Pylon  
  30  4:12  Pylon, Probe  
  31  4:24  Probe  
  31  4:28  Photon Cannon  
  32  4:32  Photon Cannon  
  32  4:35  Photon Cannon  
  32  4:36  Probe  
  32  4:37  Void Ray  
  33  4:40  Photon Cannon  
  37  4:48  Probe  
  38  4:53  Protoss Air Weapons Level 1  
  38  5:00  Probe  
  39  5:16  Void Ray  
  43  5:22  Assimilator  
  43  5:24  Assimilator  
  43  5:35  Stargate  
  43  6:08  Fleet Beacon  
  44  6:11  Probe  
  44  6:19  Void Ray  
  44  6:23  Probe  
  49  6:48  Protoss Air Armor Level 1  
  49  6:49  Pylon  
  38  7:16  Carrier  
  44  7:26  Probe  
  45  7:38  Probe  
  46  8:01  Graviton Catapult  
  46  8:07  Probe  
  47  8:19  Probe  
  45  8:31  Probe  
  46  8:41  Protoss Air Weapons Level 2  
  46  8:42  Tempest  
  46  8:43  Probe  
  46  8:44  Probe  
  55  8:55  Probe  
  55  8:56  Probe  
  52  9:08  Mothership  
  60  9:24  Tempest  
  60  9:25  Void Ray  
  70  9:32  Stalker  
  72  10:02  Stalker  
  74  10:07  Tempest  
  80  10:27  Tempest  
  86  11:44  Pylon  
  86  12:01  Nexus  
  86  12:02  Tempest, Zealot  
  86  12:03  Pylon  
  86  12:05  Pylon  
  86  12:08  Assimilator  
  94  12:12  Assimilator  
  94  12:14  Protoss Air Weapons Level 3  
  94  12:15  Pylon  
  94  12:21  Probe, Tempest  
  101  12:24  Photon Cannon  
  101  12:26  Photon Cannon  
  101  12:29  Zealot  
  103  12:31  Shield Battery  
  103  12:33  Probe  
  104  12:37  Pylon  
  104  12:42  Photon Cannon  
  104  12:45  Probe, Tempest  
  111  12:57  Probe, Zealot  
  114  13:03  Tempest  
  120  13:15  Probe  
  121  13:22  Pylon  
  121  13:26  Pylon  
  111  13:27  Probe  
  111  13:28  Tempest  
  111  13:30  Pylon, Photon Cannon  
  111  13:33  Photon Cannon  
  111  13:34  Shield Battery  
  114  13:36  Photon Cannon  
  114  13:37  Pylon  
  114  13:39  Probe  
  113  13:42  Probe  
  113  13:46  Tempest  
  118  13:51  Probe  
  118  13:54  Probe  
  118  14:03  Probe  
  118  14:06  Probe  
  112  14:10  Tempest  
  112  14:15  Probe  
  118  14:23  Probe  
  119  14:29  Carrier  
  126  14:33  Mothership  
  126  14:35  Pylon  
  134  14:40  Pylon  
  134  14:45  Photon Cannon  
  134  14:50  Protoss Air Armor Level 2  
  134  14:51  Photon Cannon  
  134  14:55  Pylon  
  134  14:57  Photon Cannon  
  134  14:59  Probe  
  135  15:03  Stargate  
  135  15:12  Probe  
  136  15:24  Probe  
  132  15:36  Probe  
  133  15:48  Pylon, Probe  
  134  15:55  Tempest  
  140  16:00  Probe  
  141  16:12  Probe  
  142  16:24  Probe  
  143  16:36  Probe  
  143  16:38  Tempest  
Show
View Real Time Build Order
Export as new Build Order

Iceman Protoss 

Build Orders:  

Get SALT Encoding   

  12  0:01  Probe  
  13  0:13  Probe  
  14  0:24  Pylon  
  14  0:28  Probe  
  15  0:43  Probe  
  16  0:51  Gateway  
  16  0:55  Forge  
  16  0:59  Probe  
  17  1:11  Probe  
  18  1:19  Assimilator  
  18  1:24  Assimilator  
  18  1:27  Pylon  
  18  1:31  Probe  
  18  1:39  Probe  
  19  1:46  Cybernetics Core  
  20  1:56  Probe  
  21  2:08  Probe  
  22  2:24  Nexus  
  22  2:32  Stargate  
  22  2:49  Probe  
  22  2:51  Stargate  
  22  2:57  Probe  
  24  3:07  Probe  
  24  3:08  Void Ray  
  25  3:14  Pylon  
  25  3:19  Probe  
  30  3:34  Probe  
  30  3:35  Probe  
  30  3:37  Void Ray  
  32  3:43  Probe  
  32  3:46  Probe  
  38  3:53  Probe  
  39  4:04  Assimilator  
  39  4:06  Probe  
  39  4:08  Assimilator  
  40  4:12  Void Ray  
  40  4:18  Probe  
  45  4:39  Probe  
  46  4:47  Probe  
  47  4:57  Void Ray  
  51  5:01  Probe  
  52  5:07  Pylon  
  52  5:10  Pylon  
  52  5:15  Protoss Air Weapons Level 1  
  52  5:27  Void Ray  
  56  5:32  Nexus  
  56  5:33  Protoss Shields Level 1  
  56  5:44  Pylon  
  56  5:45  Probe  
  56  5:47  Pylon  
  57  5:53  Probe  
  57  5:56  Void Ray  
  61  6:03  Probe  
  62  6:10  Void Ray  
  67  6:20  Probe, Pylon  
  68  6:32  Probe, Stargate  
  69  6:36  Cybernetics Core  
  69  6:44  Probe, Void Ray  
  69  6:45  Void Ray  
  70  6:51  Twilight Council  
  78  7:01  Probe  
  78  7:04  Probe  
  78  7:05  Protoss Air Armor Level 1  
  80  7:09  Assimilator  
  80  7:13  Probe, Assimilator  
  81  7:16  Probe  
  81  7:18  Protoss Shields Level 2  
  81  7:22  Void Ray  
  82  7:25  Probe  
  82  7:28  Probe  
  88  7:40  Probe  
  89  7:52  Probe  
  90  8:00  Probe  
  91  8:08  Probe  
  91  8:10  Nexus  
  91  8:11  Void Ray  
  92  8:16  Pylon  
  92  8:19  Probe, Pylon  
  92  8:22  Pylon  
  97  8:31  Probe  
  82  9:25  Void Ray  
  82  9:26  Void Ray x2  
  86  9:45  Stargate  
  86  9:49  Probe  
  87  9:57  Probe  
  87  9:58  Assimilator  
  87  10:02  Void Ray x3, Assimilator  
  87  10:06  Probe  
  101  10:18  Probe  
  101  10:19  Fleet Beacon  
  101  10:20  Void Ray  
  102  10:25  Pylon  
  102  10:26  Pylon  
  102  10:27  Pylon  
  102  10:34  Probe  
  106  10:41  Void Ray x3  
  106  10:42  Probe  
  120  10:51  Probe  
  121  11:02  Void Ray  
  121  11:03  Probe  
  126  11:22  Void Ray  
  126  11:24  Void Ray x2  
  138  11:31  Probe, Protoss Shields Level 3  
  138  11:36  Void Ray  
  138  11:39  Probe  
  144  11:49  Probe  
  145  11:57  Void Ray  
  146  12:27  Protoss Air Armor Level 2  
  51  13:06  Probe  
  51  13:40  Pylon  
  51  13:42  Pylon  
  51  13:43  Pylon  
  51  13:45  Pylon  
  51  13:55  Void Ray  
  51  13:56  Void Ray x2  
  63  14:13  Stargate  
  63  14:20  Pylon  
  63  14:22  Pylon  
  63  14:24  Nexus  
  63  14:38  Void Ray x2  
  71  15:10  Pylon  
  71  15:20  Cybernetics Core  
  71  15:23  Fleet Beacon  
  71  15:27  Pylon  
  71  15:30  Pylon  
  71  15:32  Pylon  
  71  15:35  Pylon  
  71  15:37  Void Ray x3  
  71  15:47  Void Ray  
  87  16:00  Probe  
  88  16:12  Probe  
  89  16:19  Void Ray  
  89  16:20  Void Ray x2  
  89  16:25  Probe  
  102  16:29  Void Ray  
  106  16:37  Probe  
  115  16:50  Probe  
  116  17:01  Nexus  
  116  17:03  Assimilator  
  116  17:08  Assimilator  
Show
View Real Time Build Order
Export as new Build Order

Infamous Protoss 

Build Orders: 1 Gate Expand, Colossus Rush 

Get SALT Encoding   

  12  0:01  Probe  
  13  0:13  Probe  
  14  0:19  Pylon  
  14  0:28  Probe  
  15  0:36  Probe  
  15  0:39  Gateway  
  16  0:46  Probe  
  17  0:50  Assimilator  
  17  0:56  Probe  
  18  1:05  Probe  
  19  1:25  Nexus  
  19  1:36  Cybernetics Core  
  20  1:40  Probe  
  20  1:55  Probe  
  21  2:02  Assimilator  
  21  2:03  Probe  
  21  2:06  Pylon  
  22  2:30  Probe, Warp Gate  
  22  2:32  Stalker  
  24  2:43  Probe  
  24  2:46  Probe, Robotics Facility  
  24  2:49  Pylon  
  26  2:52  Probe  
  26  2:58  Stalker  
  29  3:23  Probe  
  30  3:29  Pylon  
  30  3:36  Robotics Bay  
  30  3:41  Probe  
  30  3:42  Observer  
  30  3:44  Probe  
  33  3:50  Probe  
  33  3:52  Stalker  
  36  3:56  Probe  
  36  4:00  Probe  
  38  4:21  Observer  
  39  4:32  Probe  
  39  4:36  Probe  
  39  4:37  Colossus, Gateway  
  41  4:38  Gateway  
  41  4:41  Probe  
  48  4:58  Assimilator  
  48  5:02  Assimilator  
  48  5:03  Probe x2  
  48  5:05  Pylon  
  50  5:07  Pylon  
  50  5:18  Forge  
  50  5:20  Forge  
  50  5:26  Colossus  
  50  5:34  Shield Battery  
  50  5:42  Shield Battery  
  56  5:57  Extended Thermal Lance  
  56  5:58  Stalker x2  
  60  6:08  Protoss Ground Weapons Level 1  
  60  6:09  Protoss Ground Armor Level 1  
  60  6:16  Probe  
  60  6:17  Probe  
  62  6:20  Colossus  
  68  6:33  Stalker x2  
  68  6:36  Stalker  
  74  6:42  Probe x2  
  76  6:51  Probe  
  76  6:54  Probe  
  78  7:01  Twilight Council  
  78  7:20  Pylon  
  78  7:23  Pylon  
  78  7:25  Pylon  
  78  7:27  Pylon  
  78  7:31  Gateway  
  78  7:32  Gateway  
  78  7:34  Gateway  
  78  7:36  Colossus  
  78  7:38  Probe x2  
  86  7:55  Protoss Shields Level 1  
  86  7:56  Blink  
  86  8:04  Probe x2  
  88  8:16  Colossus, Probe  
  88  8:17  Probe, Stalker x3  
  96  8:21  Templar Archives  
  102  8:52  Protoss Ground Weapons Level 2  
  102  9:02  Nexus  
  102  9:03  Pylon  
  102  9:05  Pylon  
  102  9:07  Pylon  
  102  9:09  Stalker x4  
  109  9:11  Pylon  
  89  9:33  Colossus  
  89  9:35  Stalker  
  89  9:36  Stalker x5  
  99  10:26  Colossus  
  99  10:27  Probe x3, Protoss Ground Armor Level 2  
  108  10:31  Robotics Facility  
  108  10:39  Probe x2  
  108  10:42  Probe  
  111  10:55  Assimilator  
  111  10:56  High Templar  
  113  11:01  Assimilator  
  113  11:05  Probe x3  
  116  11:17  Probe  
  117  11:20  Colossus  
  123  11:36  Probe  
  123  11:37  Probe  
  125  11:42  Probe  
  120  11:48  Probe  
  120  11:49  Photon Cannon  
  120  11:51  Photon Cannon  
  120  11:54  Photon Cannon  
  97  11:56  Photon Cannon  
  97  11:58  High Templar  
  97  11:59  High Templar x2  
  103  12:01  Photon Cannon  
  103  12:03  Photon Cannon, Psionic Storm  
  103  12:17  Probe x3  
  106  12:29  Probe x2  
  108  12:35  Probe  
  109  12:38  High Templar x2  
  109  12:39  Immortal  
  117  13:10  Archon x2  
  117  13:14  High Templar x2  
  117  13:16  Zealot x4  
  121  14:00  Archon  
  93  14:14  Stalker  
  93  14:16  High Templar x5  
  103  14:24  Archon  
  103  14:25  Archon  
  103  14:28  Colossus  
  109  14:33  Probe x2  
  109  14:34  Probe  
  112  14:45  Probe, Photon Cannon  
  113  14:47  Photon Cannon  
  113  14:50  Photon Cannon  
  113  14:55  Gateway  
  113  14:56  Gateway  
  113  14:59  Gateway  
  113  15:01  High Templar x2  
  113  15:02  Gateway, High Templar  
  119  15:37  Nexus  
  119  15:39  Pylon  
  119  15:40  Pylon  
  119  15:43  Pylon  
  119  16:03  High Templar x3  
  119  16:04  High Templar x2  
  129  16:24  Probe x2  
  129  16:25  Probe  
  132  16:36  Probe  
  132  16:55  High Templar x2  
  132  16:56  High Templar x2  
  106  17:18  Archon  
Show
View Real Time Build Order
Export as new Build Order

NelsonMan Zerg 

Build Orders: Pool First, Swarm Host 

Get SALT Encoding   

  12  0:35  Spawning Pool  
  11  0:37  Drone x3  
  11  0:40  Extractor  
  13  0:48  Drone  
  14  1:07  Overlord  
  14  1:26  Queen  
  16  1:34  Drone x3  
  19  1:43  Extractor  
  18  1:48  Drone  
  19  2:05  Lair  
  19  2:21  Drone x3  
  22  2:49  Overlord  
  22  2:50  Overlord  
  22  3:06  Infestation Pit  
  22  3:10  Evolution Chamber  
  20  3:16  Drone x2  
  20  3:17  Drone x2  
  24  3:37  Zerg Missile Weapons Level 1  
  24  3:43  Swarm Host  
  33  3:51  Swarm Host  
  36  3:55  Overlord  
  36  4:10  Overlord  
  36  4:13  Swarm Host  
  48  5:18  Swarm Host  
  48  5:20  Overlord  
  48  5:21  Overlord  
  54  5:36  Zerg Missile Weapons Level 2  
  54  6:00  Burrow  
  54  7:08  Overseer  
  54  7:14  Swarm Host  
  54  7:15  Swarm Host x4  
  69  7:18  Drone  
  69  7:19  Overlord  
  69  7:20  Overlord x4  
  70  7:55  Hatchery  
  69  8:00  Pneumatized Carapace  
  69  9:01  Hive  
  69  10:17  Zerg Missile Weapons Level 3  
  24  11:22  Drone x2  
  24  11:23  Drone  
  27  11:33  Overseer  
  27  11:46  Extractor  
  26  11:47  Extractor  
  25  11:57  Swarm Host x6  
  25  11:58  Swarm Host x4  
  55  12:11  Evolution Chamber  
  55  12:14  Nydus Network  
  53  12:59  Swarm Host  
  53  13:00  Swarm Host x4  
  53  13:03  Overlord  
  53  13:04  Overlord x4  
  68  14:04  Zerg Ground Armor Level 1  
  68  14:10  Swarm Host x4  
  80  14:55  Nydus Canal  
  77  15:14  Overseer  
  50  16:03  Drone  
  50  16:04  Drone x8  
Show
View Real Time Build Order
Export as new Build Order

kermit Protoss 

Build Orders:  

Get SALT Encoding   

  12  0:10  Pylon  
  12  0:24  Pylon  
  12  0:30  Assimilator  
  12  0:38  Probe  
  13  0:46  Probe  
  13  0:55  Probe  
  14  1:01  Forge  
  15  1:07  Probe  
  16  1:31  Probe  
  17  1:40  Assimilator  
  17  1:43  Probe  
  18  1:55  Probe  
  19  2:11  Pylon  
  19  2:22  Pylon  
  19  2:35  Photon Cannon  
  18  3:05  Nexus  
  18  3:20  Probe  
  18  3:22  Nexus  
  19  3:32  Probe, Gateway  
  20  3:41  Pylon  
  20  3:44  Probe  
  20  3:48  Pylon  
  21  3:55  Pylon  
  21  4:01  Pylon  
  21  4:09  Pylon  
  21  4:17  Probe, Assimilator  
  22  4:25  Probe  
  22  4:30  Assimilator  
  23  4:34  Probe  
  24  4:38  Probe  
  25  4:46  Probe x2  
  27  4:55  Probe  
  27  4:58  Probe  
  29  5:01  Cybernetics Core  
  29  5:03  Cybernetics Core  
  29  5:07  Probe  
  30  5:15  Pylon  
  30  5:19  Probe  
  31  5:26  Assimilator  
  31  5:32  Probe, Assimilator  
  32  5:39  Probe  
  32  5:40  Probe  
  33  5:47  Probe  
  33  5:49  Probe  
  34  5:51  Probe  
  34  5:56  Probe  
  37  6:01  Probe  
  37  6:03  Probe  
  40  6:08  Probe  
  41  6:14  Probe  
  41  6:15  Probe  
  43  6:21  Probe  
  43  6:22  Stargate  
  44  6:26  Stargate  
  44  6:31  Nexus  
  44  6:32  Stargate  
  44  6:35  Stargate  
  44  6:41  Probe  
  44  6:46  Probe  
  46  6:53  Probe  
  47  6:54  Pylon  
  47  6:58  Probe, Pylon  
  48  7:02  Pylon  
  48  7:04  Assimilator  
  48  7:05  Probe  
  49  7:09  Assimilator  
  49  7:10  Probe  
  50  7:17  Probe  
  51  7:29  Probe  
  52  7:33  Protoss Air Weapons Level 1, Fleet Beacon, Protoss Air Armor Level 1  
  52  7:41  Probe  
  52  7:43  Stargate x2  
  53  7:49  Stargate  
  53  7:53  Stargate  
  53  8:00  Pylon  
  53  8:08  Probe  
  54  8:20  Probe, Graviton Catapult  
  55  8:29  Probe  
  56  8:37  Probe  
  56  8:46  Probe  
  58  8:58  Probe  
  59  9:10  Probe  
  60  9:23  Probe  
  61  9:29  Protoss Air Weapons Level 2, Protoss Air Armor Level 2  
  61  9:35  Probe  
  62  9:47  Probe  
  63  10:06  Nexus  
  63  10:12  Assimilator  
  63  10:18  Pylon  
  63  10:20  Assimilator  
  63  10:26  Pylon  
  63  10:30  Pylon  
  63  10:37  Pylon  
  63  10:46  Photon Cannon  
  63  10:52  Photon Cannon  
  63  10:59  Photon Cannon  
  63  11:07  Photon Cannon  
  63  11:28  Carrier x2  
  63  11:29  Carrier x3  
  63  11:30  Carrier x2  
  63  11:31  Carrier  
  111  11:53  Twilight Council  
  111  11:55  Robotics Facility  
  111  12:03  Stargate  
  111  12:07  Stargate  
  111  12:52  Robotics Bay  
  111  12:55  Templar Archives  
  111  13:01  Dark Shrine  
  87  13:48  Carrier  
  87  13:49  Carrier x3  
  87  13:50  Carrier x4  
  87  13:51  Carrier  
  87  13:52  Carrier  
  147  14:23  Protoss Air Armor Level 3  
  147  14:24  Protoss Air Weapons Level 3  
  147  14:56  Stargate  
  147  14:58  Stargate  
  147  15:04  Stargate  
  147  15:25  Carrier x3  
  147  15:26  Carrier  
Tags
 
Add a new tag
Caveats
  • Supply blocks, unpowered buildings, or Contaminate may cause inaccurate times.
  • Supply counts are checked every 10 seconds.